 Dungeon Crawl Stone Soup version 0.29.1-4-g47bece8355 (webtiles) character file.

Game seed: 6423366810452042742

177 ChadusMaximus the Caller (level 5, -1/28 HPs)
             Began as a Deep Elf Summoner on Dec 5, 2022.
             Slain by an adder (2 damage)
             ... in a sewer.
             The game lasted 00:09:38 (4987 turns).

ChadusMaximus the Caller (Deep Elf Summoner)        Turns: 4987, Time: 00:09:39

Health: -1/28      AC:  2    Str:  5    XL:     5   Next: 30%
Magic:  0/14       EV: 12    Int: 22    God:
Gold:   203        SH:  0    Dex: 15    Spells: 7/13 levels left

rFire   . . .      SeeInvis .   f - +0 long sword
rCold   . . .      Faith    .   (no shield)
rNeg    + . .      Spirit   +   a - +0 robe
rPois   .          Reflect  .   (no helmet)
rElec   .          Harm     .   (no cloak)
rCorr   .          Rampage  .   (no gloves)
Will    .....                   (no boots)
Stlth   ++........              h - amulet of guardian spirit
HPRegen 0.09/turn               l - ring of positive energy
MPRegen 0.14/turn               (no ring)

@: no status effects
A: no striking features
a: no special abilities


You were in a sewer.
You visited 1 branch of the dungeon, and saw 4 of its levels.
You also visited: Sewer.

You collected 203 gold pieces.

Inventory:

Hand Weapons
 f - a +0 long sword (weapon)
Armour
 a - a +0 robe (worn)
Jewellery
 h - an amulet of guardian spirit (around neck)
 l - a ring of positive energy (left hand)
Wands
 m - a wand of polymorph (5)
 n - a wand of paralysis (9)
Scrolls
 g - 2 scrolls of teleportation
 i - a scroll of vulnerability
 j - a scroll of blinking
 k - a scroll of immolation {unknown}
 o - 2 scrolls of fear {unknown}
 r - a scroll of identify
Potions
 b - 2 potions of magic
 c - 9 potions of curing
 d - a potion of degeneration {unknown}
 e - 2 potions of brilliance {unknown}
 p - 2 potions of ambrosia {unknown}
 q - a potion of flight {unknown}


   Skills:
 - Level 2.6 Dodging
 - Level 2.8 Stealth
 + Level 4.8 Spellcasting
 * Level 6.3 Summonings


You had 7 spell levels left.
You knew the following spells:

 Your Spells              Type           Power      Damage    Failure   Level
a - Summon Small Mammal   Summ           100%       N/A       1%          1
b - Call Canine Familiar  Summ           33%        N/A       2%          3
c - Call Imp              Summ           33%        N/A       1%          2

Your spell library contained the following spells:

 Spells                   Type           Power      Damage    Failure   Level
 Summon Guardian Golem    Hex/Summ       19%        N/A       9%          3
 Beastly Appendage        Tmut           10%        N/A       11%         1
 Sublimation of Blood     Necr           5%         N/A       16%         2
 Wereblood                Tmut           5%         N/A       16%         2
 Summon Lightning Spire   Summ/Air       19%        N/A       28%         4
 Spider Form              Tmut/Pois      5%         N/A       30%         3
 Summon Hydra             Summ           16%        N/A       100%        7


Dungeon Overview and Level Annotations

Branches:
Dungeon (4/15)              Sewer (1/1)
 Temple: D:4-7

Altars:
Cheibriados
Fedhas
Kikubaaqudgha
Xom

Shops:
D:3 :


Message History

Your hound barely misses the adder.
Your rat barely misses the adder.
Your quokka completely misses the adder.
The adder closely misses you. The adder bites your quokka.
You swap places.
You feel sick.
Your hound bites the adder.
Your quokka splashes around in the water.
Your hound misses the adder. The adder bites your quokka.
Your quokka is poisoned.
The adder poisons your quokka! The adder bites you.
Your rat barely misses the adder.
Your quokka splashes around in the water.
The adder misses your quokka.
Your hound misses the adder. The adder bites you.
Your rat misses the adder.
You feel sick.
Your hound barely misses the adder.
The adder bites your quokka.
Your quokka dies!
Your quokka's corpse disappears in a puff of smoke!
Your rat bites the adder.
Your crimson imp closely misses the adder.
Unknown command.
You barely miss the adder.
The adder is heavily wounded.
You feel sick.
You are no longer poisoned.
The adder bites you but does no damage. The adder bites your rat.
Your rat dies!
Your rat's corpse disappears in a puff of smoke!
Your crimson imp hits the adder.
The adder bites you.
* * * LOW HITPOINT WARNING * * *
Your hound misses the adder.
Unknown command.
You hit the adder.
The adder is almost dead.
The adder bites you.
* * * LOW HITPOINT WARNING * * *
The adder bites you.
* * * LOW HITPOINT WARNING * * *
Your crimson imp blinks!
The adder closely misses you. The adder bites you.
* * * LOW HITPOINT WARNING * * *
The adder attacks as you move away! The adder bites you.
You die...

###########################
#∩~.~~~..~.~~.~.@Sh~..~.~~.
#..~..~†~†.5†..~§S~~~~~.~..
##########~################
#.## ####.# ##.###.#.##
#....#.## ###h#.## ##.#.##
##.###.#


You could see 2 adders, a friendly hound (summoned) and a friendly crimson imp
(summoned).

Vanquished Creatures
  A river rat (Sewer)
  2 endoplasms
  2 giant cockroaches (D:4)
  A quokka (D:4)
  A bat (D:3)
  3 frilled lizards (Sewer)
  4 rats
14 creatures vanquished.

Vanquished Creatures (collateral kills)
  6 adders
  4 river rats
  3 worms
  2 dart slugs
  5 ball pythons
  4 endoplasms
  A giant cockroach (D:2)
  4 hobgoblins
  5 jackals
  4 kobolds
  A quokka (D:4)
  8 bats
  7 frilled lizards
  3 goblins (D:1)
  2 rats
59 creatures vanquished.

Vanquished Creatures (others)
  A fungus (D:1)
  6 plants (D:3)
  4 toadstools (D:1)
11 creatures vanquished.

Grand Total: 84 creatures vanquished

Notes
Turn   | Place    | Note
-------+----------+-------------------------------------------
     0 | D:1      | ChadusMaximus the Deep Elf Summoner began the quest for the
                  | Orb.
     0 | D:1      | Reached XP level 1. HP: 10/10 MP: 6/6
   689 | D:1      | Reached XP level 2. HP: 15/15 MP: 6/8
   966 | D:1      | Found a faded altar of an unknown god.
   966 | D:1      | Noticed a hellwing
  1751 | D:2      | Found a snail-covered altar of Cheibriados.
  1876 | D:2      | Reached XP level 3. HP: 18/19 MP: 3/10
  2363 | D:3      | Found Gohux's Book Shop.
  2414 | D:3      | Reached skill level 5 in Summonings
  2506 | D:3      | Found a shimmering altar of Xom.
  3352 | D:3      | Reached XP level 4. HP: 7/24 MP: 8/12
  3600 | D:3      | Learned a level 3 spell: Call Canine Familiar
  3603 | D:3      | Learned a level 2 spell: Call Imp
  3781 | D:3      | Found a faded altar of an unknown god.
  3808 | D:3      | Found an ancient bone altar of Kikubaaqudgha.
  4064 | D:4      | Found a blossoming altar of Fedhas.
  4201 | D:4      | Noticed a phantom
  4362 | D:4      | Found a glowing drain.
  4368 | Sewer    | Entered a sewer
  4493 | Sewer    | Reached skill level 6 in Summonings
  4565 | Sewer    | Reached XP level 5. HP: 20/28 MP: 8/13
  4986 | Sewer    | HP: 1/28 [adder (2)]
  4987 | Sewer    | Slain by an adder

Illustrated notes

Levels and vault maps discovered:
D:1:      shiori_arrival_oz, layout_basic,
          dreamdust_ecumenical_altar_sealed_demon, minmay_gold_behind_fungi
D:2:      layout_basic, basic_altar
D:3:      layout_basic, mainiacjoe_overflow_brackets,
          nicolae_overflow_ecumenical_swirl, serial_shops, nicolae_diamond_shop,
          chequers_big_river
D:4:      layout_loops_ring, fedhas_altar_2, serial_shops, shop,
          gup_sewer_entry_bubbles
Sewer:    sewer_co_cracked_pipes

Skill      XL: |  1  2  3  4 |
---------------+-------------+-----
Summonings     | 5 6 |  6.3
Spellcasting   | 4 |  4.8
Dodging        | |  2.6
Stealth        | |  2.8

Action                   |  1- 3 |  4- 6 || total
-------------------------+-------+-------++-------
Melee: Unarmed           |    15 |     6 ||    21
       Long sword        |       |    43 ||    43
 Cast: Summon Small Mamm |    88 |     9 ||    97
       Call Canine Famil |       |    10 ||    10
       Call Imp          |       |     2 ||     2
  Use: Scroll            |       |     3 ||     3
       Potion            |       |     1 ||     1
 Stab: Sleeping          |       |     7 ||     7
Armor: Robe              |    24 |    10 ||    34
Dodge: Dodged            |    71 |    53 ||   124
